 Dungeon Crawl Stone Soup version 0.30-b1-2-g02819fbbbe (webtiles) character file.

Game seed: 15565707593087627247

407 Ashen the Caller (level 6, -6/61 HPs)
             Began as an Ogre Summoner on Aug 11, 2023.
             Mangled by a gnoll sergeant
             ... wielding a +5 heavy spear
              (15 damage)
             ... on level 5 of the Dungeon on Aug 15, 2023.
             The game lasted 00:13:00 (4467 turns).

Ashen the Caller (Ogre Summoner)                    Turns: 4467, Time: 00:13:03

Health: -6/61      AC:  3    Str: 13    XL:     6   Next: 88%
Magic:  7/11       EV: 10    Int: 18    God:
Gold:   119        SH:  0    Dex:  9    Spells: 3/12 levels left

rFire   . . .        o - +1 whip (drain)
rCold   . . .        (no shield)
rNeg    . . .        a - +0 robe
rPois   .            (helmet restricted)
rElec   .            (no cloak)
rCorr   .            (gloves unavailable)
SInv    .            (boots unavailable)
Will    .....        u - amulet of regeneration
Stlth   ++           (no ring)
HPRegen 1.10/turn    (no ring)
MPRegen 0.12/turn

%: no passive effects
@: no status effects
A: large, unfitting armour, tough skin 1
a: no special abilities


You were on level 5 of the Dungeon.
You visited 1 branch of the dungeon, and saw 5 of its levels.

You collected 285 gold pieces.
You spent 166 gold pieces at shops.

Inventory:

Hand Weapons
 e - a +0 mace
 o - a +1 whip of draining (weapon)
Armour
 a - a +0 robe (worn)
Jewellery
 u - an amulet of regeneration (around neck)
Scrolls
 c - 8 scrolls of identify {unknown}
 d - a scroll of butterflies {unknown}
 g - 2 scrolls of immolation {unknown}
 h - a scroll of vulnerability {unknown}
 i - 4 scrolls of enchant armour {unknown}
 j - 4 scrolls of teleportation {unknown}
 l - a scroll of silence {unknown}
 m - a scroll of noise {unknown}
 p - a scroll of poison {unknown}
 r - a scroll of torment {unknown}
 v - a scroll of blinking {unknown}
 w - a scroll of fog {unknown}
Potions
 b - 4 potions of magic
 f - 3 potions of degeneration
 k - a potion of curing {unknown}
 n - a potion of resistance {unknown}
 q - a potion of mutation {unknown}
 s - a potion of heal wounds
 t - 2 potions of attraction


   Skills:
 + Level 3.5 Fighting
 + Level 3.1 Dodging
 + Level 2.7 Stealth
 + Level 3.9 Spellcasting
 + Level 1.5 Hexes
 + Level 4.5 Summonings


You had 3 spell levels left.
You knew the following spells:

 Your Spells              Type           Power      Damage    Failure   Level
a - Summon Small Mammal   Summ           76%        N/A       2%          1
b - Call Imp              Summ           38%        N/A       3%          2
c - Call Canine Familiar  Summ           19%        N/A       7%          3
d - Summon Guardian Gole  Hex/Summ       14%        N/A       13%         3

Your spell library contained the following spells:

 Spells                   Type           Power      Damage    Failure   Level
 Beastly Appendage        Tmut           6%         N/A       16%         1
 Blink                    Tloc           6%         N/A       22%         2
 Lesser Beckoning         Tloc           6%         N/A       22%         2
 Momentum Strike          Conj/Tloc      6%         3d8       22%         2
 Wereblood                Tmut           3%         N/A       22%         2
 Portal Projectile        Hex/Tloc       12%        N/A       32%         3
 Spider Form              Tmut/Pois      3%         N/A       41%         3
 Summon Lightning Spire   Summ/Air       11%        N/A       50%         4
 Leda's Liquefaction      Hex/Erth       3%         N/A       71%         4
 Animate Dead             Necr           3%         N/A       83%         4
 Borgnjor's Vile Clutch   Necr/Erth      1%         N/A       99%         5
 Death Channel            Necr           1%         N/A       100%        6


Dungeon Overview and Level Annotations

Branches:
Dungeon (5/15)
 Temple: D:4-7

Altars:
Dithmenos
Elyvilon
Fedhas
Nemelex Xobeh
Yredelemnul

Shops:
D:2 *   D:3 !

Annotations:
D:2 Sigmund


Innate Abilities, Weirdness & Mutations

You are too large for most types of armour.
You have tough skin. (AC +1)


Message History

An orc comes into view. It is wielding a +0 dagger.
There are monsters nearby!
An adder comes into view.
There is a stone staircase leading up here.
Casting: Call Canine Familiar (dangerous; 7% risk of failure)
Confirm with . or Enter, or press ? or * to list all spells.
Casting: Call Canine Familiar (dangerous; 7% risk of failure)
Confirm with . or Enter, or press ? or * to list all spells.
A tiny devil pulls itself out of the air.
The gnoll sergeant hits you with a +5 heavy spear!
Your cerulean imp barely misses the gnoll sergeant.
The gnoll sergeant blocks your attack.
The gnoll sergeant blocks your hound's attack.
Your cerulean imp closely misses the gnoll sergeant.
You completely miss the gnoll sergeant.
Your hound bites the gnoll sergeant but does no damage.
The gnoll sergeant hits you with a +5 heavy spear.
The gnoll sergeant blocks your cerulean imp's attack.
Your hound closely misses the gnoll sergeant.
You closely miss the gnoll sergeant.
Your hound bites the gnoll sergeant.
The gnoll sergeant hits you with a +5 heavy spear!
The gnoll sergeant blocks your cerulean imp's attack.
The gnoll sergeant blocks your attack.
The gnoll sergeant is lightly wounded.
Your hound bites the gnoll sergeant but does no damage.
The gnoll sergeant blocks your hound's attack.
Your cerulean imp hits the gnoll sergeant but does no damage.
The gnoll sergeant hits you with a +5 heavy spear!
You barely miss the gnoll sergeant.
The gnoll sergeant is lightly wounded.
The gnoll sergeant blocks your hound's attack.
Your cerulean imp hits the gnoll sergeant but does no damage.
Your hound bites the gnoll sergeant but does no damage.
The gnoll sergeant attacks as you move away!
The gnoll sergeant hits you with a +5 heavy spear!!
* * * LOW HITPOINT WARNING * * *
Your hound bites the gnoll sergeant.
The gnoll sergeant blocks your cerulean imp's attack.
The gnoll sergeant hits you from afar with a +5 heavy spear!
You die... .oh

..... $g ..... #..#
#.###..... +... .......
#..# .... #.## ##.#
..###+####..###.g#
........h.......##
#.#.#.@.g..##.#####..#
#......5...##..)....#
#.#.#.#........##...#
#......................
#.#.#.#..####..#.####..
#........# ##....# #
#.#.#.#.## #....#
#.......# #....#
.>.....## #....#


You could see a gnoll sergeant (ally target), a friendly hound (summoned) and a
friendly cerulean imp (summoned).

Vanquished Creatures
  A hound (D:4)
  Robin (D:2)
  An ufetubus (D:4)
  4 dart slugs
  9 orcs
  9 ball pythons
  A bat (D:3)
  2 endoplasms
  4 giant cockroaches
  4 goblins
  A hobgoblin (D:2)
  6 kobolds
  4 quokkas
  3 frilled lizards
  4 rats
54 creatures vanquished.

Vanquished Creatures (collateral kills)
  A scorpion (D:4)
  A jelly (D:4)
  An iguana (D:4)
  An orc wizard (D:3)
  2 adders
  A worm (D:3)
  A dart slug (D:2)
  3 orcs (D:3)
  An endoplasm (D:4)
  A giant cockroach (D:2)
  9 goblins
  5 hobgoblins
  A kobold (D:1)
  4 ball pythons
  A frilled lizard (D:1)
  A rat (D:2)
34 creatures vanquished.

Vanquished Creatures (others)
  A black bear (D:4)
1 creature vanquished.

Grand Total: 89 creatures vanquished

Notes
Turn   | Place    | Note
-------+----------+-------------------------------------------
     0 | D:1      | Ashen the Ogre Summoner began the quest for the Orb.
     0 | D:1      | Reached XP level 1. HP: 16/16 MP: 3/3
   303 | D:1      | Reached XP level 2. HP: 13/26 MP: 2/5
   306 | D:1      | Learned a level 2 spell: Call Imp
   579 | D:1      | Reached skill level 1 in Fighting
  1387 | D:2      | Found Gihuuw's Assorted Antiques.
  1400 | D:2      | Bought a scroll labelled NANLAL SUENEUS for 29 gold pieces
  1400 | D:2      | Bought a scroll labelled NANLAL SUENEUS for 29 gold pieces
  1481 | D:2      | Reached XP level 3. HP: 31/33 MP: 4/7
  1865 | D:2      | Noticed Robin
  1898 | D:2      | Killed Robin
  1902 | D:2      | Reached XP level 4. HP: 31/35 MP: 8/8
  2031 | D:2      | Noticed Sigmund
  2143 | D:3      | Reached skill level 4 in Summonings
  2308 | D:3      | Learned a level 3 spell: Call Canine Familiar
  2312 | D:3      | Learned a level 3 spell: Summon Guardian Golem
  2429 | D:3      | Found Acrif's Distillery.
  2439 | D:3      | Bought a potion of heal wounds for 60 gold pieces
  2439 | D:3      | Bought a potion of degeneration for 12 gold pieces
  2439 | D:3      | Bought a potion of attraction for 36 gold pieces
  2674 | D:3      | Found a shadowy altar of Dithmenos.
  2684 | D:3      | Found a white marble altar of Elyvilon.
  2728 | D:3      | Reached XP level 5. HP: 41/49 MP: 1/9
  2987 | D:3      | Found a basalt altar of Yredelemnul.
  3099 | D:4      | Found a blossoming altar of Fedhas.
  3106 | D:4      | Found a sparkling altar of Nemelex Xobeh.
  3421 | D:4      | Reached skill level 1 in Hexes
  3514 | D:4      | Reached XP level 6. HP: 61/61 MP: 3/11
  4003 | D:4      | Noticed a black bear
  4019 | D:4      | Killed a black bear
  4427 | D:5      | Entered Level 5 of the Dungeon
  4447 | D:5      | Noticed a black bear
  4467 | D:5      | Mangled by a gnoll sergeant

Illustrated notes

Levels and vault maps discovered:
D:1:      minmay_arrival_five_plusses, layout_basic, minmay_misc_feat_chi,
          minmay_misc_feat_alley
D:2:      layout_loops_ring, serial_shops, shop, uniq_robin, uniq_sigmund
D:3:      layout_basic, mainiacjoe_overflow_24_doors,
          mainiacjoe_overflow_large_starburst, serial_shops,
          nicolae_shop_waterfront
D:4:      minmay_skewed_foursquare, layout_loops_corners,
          grunt_temple_overflow_open, wad_floor_pattern_1
D:5:      layout_rooms, minmay_temple_entry_glassed_door, dk_noncrumbling_4,
          glass_columns_b, minmay_chambers_of_fives, uniq_duvessa

Skill      XL: |  1  2  3  4  5  6 |
---------------+-------------------+-----
Dodging        | 2 3 |  3.1
Fighting       | 1 2 3 |  3.5
Stealth        | 2 |  2.7
Spellcasting   | 3 |  3.9
Summonings     | 4 |  4.5
Hexes          | 1 |  1.5

Action                     |  1- 3 |  4- 6 || total
---------------------------+-------+-------++-------
  Melee: Mace              |    52 |       ||    52
         Whip              |    19 |   146 ||   165
         Punch             |       |     1 ||     1
   Cast: Summon Small Mamm |    10 |       ||    10
         Call Imp          |    11 |     9 ||    20
         Call Canine Famil |       |    12 ||    12
         Summon Guardian G |       |     1 ||     1
   Stab: Sleeping          |     2 |     5 ||     7
 Armour: Robe              |    18 |    41 ||    59
  Dodge: Dodged            |    46 |   106 ||   152
